 Dungeon Crawl Stone Soup version 0.27-a0-899-ge2d0b17c59 (webtiles) character file.

Game seed: 3400848078140008799

3521 jestyr24 the Fighter (level 10, -8/78 HPs)
             Began as a Djinni Fire Elementalist on Apr 5, 2021.
             Was a Follower of Makhleb.
             Mangled by Sabo's ghost (21 damage)
             ... on level 7 of the Dungeon.
             The game lasted 01:06:21 (10314 turns).

jestyr24 the Fighter (Djinni Fire Elementalist)    Turns: 10314, Time: 01:06:21

Health: -8/78      AC:  3    Str:  7    XL:     10   Next: 8%
Gold:   517        EV: 16    Int: 21    God:    Makhleb [*.....] SH:  0 Dex: 19

rFire    + + .     SeeInvis .   l - +8 dagger of Truncation {protect, Contam rN+ Will+}
rCold    + . .     Faith    .   (no shield)
rNeg     + . .     Spirit   .   K - +1 robe {rC+}
rPois    ∞         Reflect  .   (helmet restricted)
rElec    .         Harm     +   a - scarf {harm}
rCorr    .         Rampage  .   (no gloves)
Will     ++...                  (boots unavailable)
Stlth    +++.......             y - amulet of the acrobat
HPRegen  0.23/turn              B - +6 ring of dexterity
MPRegen  0.00/turn              z - ring of protection from cold

@: about to teleport, flying, studying Fighting
A: fire resistance 2, cold vulnerability 1, float, innate caster, hp casting,
extra vitality 1, antennae 1, deterioration 1
a: Renounce Religion


You were on level 7 of the Dungeon.
You worshipped Makhleb.
Makhleb was aware of your devotion.
You visited 2 branches of the dungeon, and saw 9 of its levels.

You collected 517 gold pieces.

Inventory:

Hand Weapons
 l - the +8 dagger of Truncation (weapon) {protect, Contam rN+ Will+}
   (You found it on level 6 of the Dungeon)

   It grants its wielder temporary protection when it strikes (+7 to AC).
   It protects you from negative energy.
   It causes magical contamination when unequipped.
   It increases your willpower.
 s - a +6 arbalest of flaming
Missiles
 g - 5 curare-tipped darts
 o - 216 stones
 q - 74 sling bullets
 v - 4 atropa-tipped darts
 I - 5 boomerangs
Armour
 a - a scarf of harm (worn)
 b - +0 steam dragon scales
 c - a scarf of resistance
 K - a +1 robe of cold resistance (worn)
Jewellery
 y - an amulet of the acrobat (around neck)
 z - a ring of protection from cold (right hand)
 A - a ring of protection from fire
 B - a +6 ring of dexterity (left hand)
 H - a ring of ice
Wands
 i - a wand of iceblast (6)
 x - a wand of digging (4)
 D - a wand of paralysis (9)
Scrolls
 f - 2 scrolls of enchant weapon
 n - 2 scrolls of magic mapping
 G - a scroll of brand weapon
 J - a scroll of fear {unknown}
Potions
 e - a potion of might {unknown}
 h - 4 potions of curing
 j - a potion of degeneration {unknown}
 k - a potion of brilliance {unknown}
 t - a potion of cancellation
 u - 2 potions of invisibility
 E - a potion of heal wounds {unknown}


   Skills:
 * Level 9.6 Fighting
 - Level 0.3 Short Blades
 + Level 6.9 Dodging
 * Level 5.1 Stealth
 - Level 8.2 Spellcasting


You couldn't memorise any spells.
You knew the following spells:

 Your Spells              Type           Power      Damage    Failure   Level
a - Foxfire               Conj/Fire      100%       2x1d9     1%          1
b - Conjure Flame         Conj/Fire      43%        6-21      1%          3
c - Inner Flame           Hex/Fire       43%        N/A       1%          3
d - Sticky Flame          Conj/Fire      43%        2d6       2%          4
e - Fireball              Conj/Fire      21%        3d10      7%          5
f - Pain                  Necr           100%       1d9       1%          1
g - Slow                  Hex            43%        N/A       1%          2
h - Mephitic Cloud        Conj/Pois/Air  43%        N/A       1%          3
i - Static Discharge      Conj/Air       43%        N/A       1%          3
Your spell library was empty.

Dungeon Overview and Level Annotations

Branches:
Dungeon (8/15)             Temple (1/1) D:7
   Lair: D:8-11

Altars:
Ashenzari
Cheibriados
Dithmenos
Elyvilon
Fedhas
Gozag
Hepliaklqana
Kikubaaqudgha
Makhleb
Nemelex Xobeh
Okawaru
Qazlal
Ru
Sif Muna
Trog
Uskayaw
Vehumet
Wu Jian
Xom
Yredelemnul
Zin
The Shining One

Shops:
D:7 (

Annotations:
D:7 Sabo's ghost, novice GrFi
D:8 1 transporter


Innate Abilities, Weirdness & Mutations

You are immune to poison.
Your flesh is very heat resistant. (rF++)
You are vulnerable to cold. (rC-)
You float through the air rather than walking.
You learn spells naturally, not from books.
Your magical power is your life essence.
You have superior vitality. (+4 HP)
You have a pair of small antennae on your head.
Your body sometimes deteriorates upon taking damage.


Message History

Sabo's ghost is lightly damaged.
The foxfire hits Sabo's ghost but does no damage.
Sabo's ghost is lightly damaged.
Casting: Foxfire (safe; 1% risk of failure)
Confirm with . or Enter, or press ? or * to list all spells.
You conjure some foxfire!
The foxfire hits Sabo's ghost but does no damage. x2
Casting: Foxfire (safe; 1% risk of failure)
Confirm with . or Enter, or press ? or * to list all spells.
You conjure some foxfire!
Sabo's ghost hits you!
The foxfire hits Sabo's ghost but does no damage.
The foxfire hits Sabo's ghost.
Flame seeps out of Sabo's ghost.
Sabo's ghost is lightly damaged.
Casting: Foxfire (safe; 1% risk of failure)
Confirm with . or Enter, or press ? or * to list all spells.
You conjure some foxfire!
Sabo's ghost hits you!
The foxfire hits Sabo's ghost but does no damage.
Sabo's ghost is lightly damaged.
The foxfire hits Sabo's ghost but does no damage.
Sabo's ghost is lightly damaged.
Casting: Foxfire (safe; 1% risk of failure)
Confirm with . or Enter, or press ? or * to list all spells.
You conjure some foxfire!
Sabo's ghost hits you!!
* * * LOW HITPOINT WARNING * * *
The foxfire hits Sabo's ghost but does no damage.
Sabo's ghost is lightly damaged.
The foxfire hits Sabo's ghost but does no damage.
Sabo's ghost is lightly damaged.
Casting: Foxfire (safe; 1% risk of failure)
Confirm with . or Enter, or press ? or * to list all spells.
You conjure some foxfire!
* * * LOW HITPOINT WARNING * * *
Sabo's ghost barely misses you.
Your foxfire dissipates!
The foxfire hits Sabo's ghost but does no damage.
Sabo's ghost is lightly damaged.
As you read the scroll labelled USYIHAU DUMOPS, it crumbles to dust.
You feel strangely unstable.
It was a scroll of teleportation.
Sabo's ghost hits you!!
You die...

##
#.....#.........##
#....[#...........
##....#.........##
#....#.........#
#....#.........#
#....#.........#
#......#######.#
#####......#.....###
#...@W.....'≈≈≈≈$#
#.......(..#.....#
#......#...#######
#..........#
####'####..#
#.##...># #.##.####
#.##.# #....#


You could see Sabo's ghost (inner flame).

Vanquished Creatures
  A two-headed ogre (D:8)
  A steam dragon (D:7)
  An acid dragon (D:6)
  2 water moccasins
  2 orc warriors
  3 sky beasts
  An ice beast (D:5)
  A black bear (D:6)
  4 ogres
  3 necrophages (D:6)
  A centaur (D:5)
  2 scorpions
  A water moccasin zombie (D:5)
  A centaur zombie (D:5)
  3 centaur skeletons
  2 hounds (D:5)
  3 orc priests
  2 bullfrog skeletons
  3 iguanas
  A scorpion zombie (D:5)
  9 orc wizards
  A hound skeleton (D:4)
  5 gnolls
  A howler monkey skeleton (D:7)
  9 adders
  2 shadow imps (D:7)
  An ufetubus (D:7)
  An adder skeleton (D:2)
  A worm (D:3)
  A dart slug (D:1)
  31 orcs
  3 endoplasms
  2 giant cockroaches (D:1)
  5 goblins
  5 hobgoblins
  5 jackals (D:1)
  2 quokkas
  5 ball pythons
  A ball python skeleton (D:2)
  2 ball python zombies (D:2)
  3 bats
  3 frilled lizards
  7 kobolds
  2 quokka skeletons (D:2)
  4 rats
149 creatures vanquished.

Vanquished Creatures (others)
  A white imp (D:6)
  499 foxfires
  3 withered plants (D:2)
503 creatures vanquished.

Grand Total: 652 creatures vanquished

Notes
Turn   | Place    | Note
-------+----------+-------------------------------------------
     0 | D:1      | jestyr24 the Djinni Fire Elementalist began the quest for
                  | the Orb.
     0 | D:1      | Reached XP level 1. HP: 15/15 MP: 0/0
   109 | D:1      | Reached XP level 2. HP: 14/21 MP: 0/0
   766 | D:1      | Reached XP level 3. HP: 24/25 MP: 0/0
   766 | D:1      | Learned a level 1 spell: Pain
  1717 | D:2      | Reached XP level 4. HP: 27/31 MP: 0/0
  2038 | D:2      | Identified a scroll of acquirement
  2038 | D:2      | Acquired a manual of Fighting
  3183 | D:3      | Found a snail-covered altar of Cheibriados.
  3307 | D:4      | Reached skill level 1 in Fighting
  3307 | D:4      | Reached XP level 5. HP: 35/37 MP: 0/0
  3307 | D:4      | Learned a level 2 spell: Slow
  3710 | D:4      | Noticed an ogre
  3724 | D:4      | Killed an ogre
  3725 | D:4      | Reached skill level 2 in Fighting
  3725 | D:4      | Reached XP level 6. HP: 29/45 MP: 0/0
  3770 | D:4      | Reached skill level 5 in Spellcasting
  4286 | D:4      | Noticed a +0 falchion
  4297 | D:4      | Found a hide-covered altar of Uskayaw.
  4297 | D:4      | Noticed a +0 dagger
  4297 | D:4      | Noticed a +0 spear
  4299 | D:4      | Noticed a +0 dagger
  4305 | D:4      | Noticed a +0 spear
  4306 | D:4      | Noticed a +0 falchion
  4306 | D:4      | Noticed a +0 short sword
  4307 | D:4      | Noticed a +0 short sword
  4624 | D:5      | Entered Level 5 of the Dungeon
  4646 | D:4      | Reached skill level 3 in Fighting
  5064 | D:4      | Reached XP level 7. HP: 32/50 MP: 0/0
  5064 | D:4      | Learned a level 3 spell: Mephitic Cloud
  5389 | D:5      | Reached skill level 4 in Fighting
  5728 | D:5      | Reached skill level 5 in Fighting
  5728 | D:5      | Reached XP level 8. HP: 40/59 MP: 0/0
  5732 | D:5      | Found a shadowy altar of Dithmenos.
  6387 | D:5      | Gained mutation: You expend health (3 HP) to strengthen
                  | your wands. [potion of mutation]
  6387 | D:5      | Gained mutation: You are strong-willed. (Will+) [potion of
                  | mutation]
  6388 | D:5      | Lost mutation: You are strong-willed. (Will+) [potion of
                  | mutation]
  6388 | D:5      | Lost mutation: You expend health (3 HP) to strengthen your
                  | wands. [potion of mutation]
  6388 | D:5      | Gained mutation: Your body sometimes deteriorates upon
                  | taking damage. [potion of mutation]
  6388 | D:5      | Gained mutation: You have a pair of small antennae on your
                  | head. [potion of mutation]
  7128 | D:6      | Reached skill level 6 in Fighting
  7407 | D:6      | Identified the +8 dagger of Truncation {protect, Contam rN+
                  | Will+}
  7560 | D:6      | Reached skill level 5 in Dodging
  7560 | D:6      | Reached XP level 9. HP: 63/67 MP: 0/0
  7560 | D:6      | Learned a level 3 spell: Static Discharge
  8008 | D:6      | Reached skill level 7 in Fighting
  8879 | D:7      | Found a staircase to the Ecumenical Temple.
  8887 | Temple   | Entered the Ecumenical Temple
  9007 | Temple   | Became a worshipper of Makhleb the Destroyer
  9079 | D:7      | Found a runed translucent door.
  9087 | D:7      | Noticed Sabo's ghost (novice GrFi)
  9227 | D:8      | Found a transporter.
  9229 | D:8      | Noticed a two-headed ogre
  9239 | D:8      | Killed a two-headed ogre
  9240 | D:8      | Reached skill level 8 in Fighting
  9509 | D:7      | Found Afuneg's Antique Weapon Emporium.
  9675 | D:7      | Reached skill level 9 in Fighting
  9756 | D:7      | Reached * piety under Makhleb
  9866 | D:7      | Noticed an angel
  9869 | D:7      | Found a shimmering altar of Xom.
  9869 | D:7      | Found a glowing silver altar of Zin.
  9936 | D:7      | Reached skill level 5 in Stealth
  9936 | D:7      | Reached XP level 10. HP: 68/78 MP: 0/0
 10177 | D:7      | Acquired a +6 arbalest of flaming
 10314 | D:7      | Mangled by Sabo's ghost

Illustrated notes

Levels and vault maps discovered:
D:1:      moated_graveyard_arrival, layout_basic, serial_corexii_hall,
          corexii_hall_statues_x, corexii_hall_statues_x, dk_noncrumbling_4
D:2:      layout_loops_ring, serial_undead, serial_undead_d, serial_undead_b,
          serial_undead_f, serial_undead_c, serial_undead_c
D:3:      layout_basic, cheibrodos_worm_habitat
D:4:      wander_river, layout_loops_corners, nicolae_uskayaw_en_pointe,
          chequers_decorated_corner
D:5:      layout_cave_pods, jmf_multi_god_temple, serial_column_ruins,
          column_ruins_grid_3, column_ruins_grid_1,
          column_ruins_corridor_dead_end, nrook_campfire, minmay_curled_crystal,
          hangedman_decor_growths
D:6:      layout_loops_cross, lemuel_flamethrower_2
D:7:      layout_basic, grunt_temple_overflow_order_and_chaos_1, temple_statues,
          ebering_ghost_reflecting_pool, serial_shops,
          nicolae_shop_temple_entry_statues_fountains, grunt_ministairs_11
D:8:      gammafunk_the_bubble [the_bubble_gammafunk_plus_minus],
          layout_cave_pools
Temple:   kb_temple_of_zot

Skill      XL: |  1  2  3  4  5  6  7  8  9 |
---------------+----------------------------+-----
Spellcasting   | 3 4 5 6 8 |  8.2
Stealth        | 2 5 |  5.1
Fighting       | 1 2 3 5 6 9 |  9.6
Dodging        | 3 5 6 |  6.9
Short Blades   | |  0.3

Action                   |  1- 3 |  4- 6 |  7- 9 | 10-12 || total
-------------------------+-------+-------+-------+-------++-------
Melee: Dagger            |    28 |    22 |    30 |     3 ||    83
 Cast: Foxfire           |    45 |    64 |   166 |    12 ||   287
       Slow              |       |     5 |     4 |       ||     9
       Mephitic Cloud    |       |       |     2 |       ||     2
       Inner Flame       |       |       |    26 |     1 ||    27
       Conjure Flame     |       |       |     5 |       ||     5
       Fireball          |       |       |     1 |       ||     1
  Use: Scroll            |       |     3 |     8 |     3 ||    14
       Potion            |       |       |     2 |       ||     2
Armor: Robe              |     9 |     9 |    12 |     3 ||    33
Dodge: Dodged            |    31 |    32 |    78 |     3 ||   144

Table legend: (Time is in decaauts)
 A = Elapsed time spent in this place.
 B = Non-inter-level travel time spent in this place.
 C = Inter-level travel time spent in this place.
 D = Time resting spent in this place.
 E = Time spent auto-exploring this place.
 F = Levels seen in this place.
 G = Mean time per level.
                   A        B        C        D        E       F      G
               +--------+--------+--------+--------+--------+-----+--------+
         Total |  10313 |  10094 |    219 |   2952 |   4944 |   9 | 1145.9 |
       Dungeon |  10157 |   9967 |    190 |   2952 |   4842 |   8 | 1269.6 |
        Temple |    156 |    127 |     29 |      0 |    102 |   1 |  156.0 |
               +--------+--------+--------+--------+--------+-----+--------+

Top non-repeatable levels by time:
     D:5: 2054 daAuts
     D:4: 1927 daAuts
     D:6: 1594 daAuts
     D:1: 1495 daAuts
     D:7: 1060 daAuts
     D:3: 962 daAuts
     D:2: 831 daAuts
     D:8: 230 daAuts
  Temple: 156 daAuts
